 Dungeon Crawl Stone Soup version 0.22.1-1-ga44c0e5 (webtiles) character file.

198 Folque the Magician (level 5, -5/34 HPs)
             Began as a Draconian Earth Elementalist on Nov 3, 2018.
             Slain by an orc
             ... wielding a +3 hand axe
              (6 damage)
             ... on level 2 of the Dungeon.
             The game lasted 00:09:19 (3180 turns).

Folque the Magician (Draconian Earth Elementalist)  Turns: 3180, Time: 00:09:19

Health: -5/34      AC:  6    Str: 10    XL:     5   Next: 47%
Magic:  5/11       EV: 12    Int: 17    God:
Gold:   113        SH:  0    Dex: 11    Spells: 1/12 levels left

rFire    . . .     SeeInvis .   k - +0 spear
rCold    . . .     Gourm    .   (no shield)
rNeg     . . .     Faith    .   (armour unavailable)
rPois    .         Spirit   .   (helmet restricted)
rElec    .         Reflect  .   (no cloak)
rCorr    .         Harm     .   l - +0 pair of gloves
MR       .....                  (no boots)
Stlth    +.........             (no amulet)
HPRegen  0.11/turn              (no ring)
MPRegen  0.12/turn              (no ring)

@: very slightly contaminated
A: unfitting armour, hooves 1, stinger 1, frail 1, cold-blooded, AC +5
a: no special abilities


You were on level 2 of the Dungeon.
You were hungry.

You visited 1 branch of the dungeon, and saw 3 of its levels.

You collected 113 gold pieces.

Inventory:

Hand Weapons
 k - a +0 spear (weapon)
Missiles
 b - 118 stones (quivered)
Armour
 l - a +0 pair of gloves (worn)
Jewellery
 o - an uncursed ring of flight {unknown}
Scrolls
 a - 3 scrolls of remove curse
 d - a scroll of blinking {unknown}
 h - a scroll of fog {unknown}
 i - a scroll of amnesia {unknown}
 j - 3 scrolls of teleportation {unknown}
Potions
 e - a potion of curing {unknown}
 f - 4 potions of flight
 n - a potion of mutation
Comestibles
 c - 3 rations
 g - 3 chunks of flesh


   Skills:
 - Level 1.7 Dodging
 - Level 1.7 Stealth
 - Level 4.1 Spellcasting
 - Level 2.1 Conjurations
 - Level 1.0 Transmutations
 * Level 4.1 Earth Magic


You had one spell level left.
You knew the following spells:

 Your Spells              Type           Power        Failure   Level  Hunger
a - Sandblast             Erth           ###...       3%          1    None
b - Passwall              Tmut/Erth      ##......     9%          2    ##.....
c - Stone Arrow           Conj/Erth      ##....       13%         3    ###....
d - Lee's Rapid Deconstr  Erth           ###.......   63%         5    ######.

Your spell library contained the following spells:

 Spells                   Type           Power        Failure   Level  Hunger
 Petrify                  Tmut/Erth      ##......     47%         4    ####...


Dungeon Overview and Level Annotations

Branches:
Dungeon (3/15)

Altars:
Uskayaw


Innate Abilities, Weirdness & Mutations

Your plain brown scales are hard. (AC +5)
You cannot fit into any form of body armour.
You are cold-blooded and may be slowed by cold attacks.
You have large cloven feet.
Your tail ends in a poisonous barb.
You are frail. (-10% HP)


Message History

You miscast Stone Arrow.
You are very lightly contaminated with residual magic.
You are momentarily dazzled by a flash of light!
You are feeling hungry.
The orc hits you with an enchanted hand axe.
* * * LOW HITPOINT WARNING * * *
Casting: Stone Arrow (safe; 13% risk of failure)
Confirm with . or Enter, or press ? or * to list all spells.
Aiming: Stone Arrow (safe; 13% risk of failure)
Press: ? - help, Shift-Dir - straight line, f/p - orc
Aim: an orc, wielding an enchanted hand axe and wearing a ring mail The stone arrow hits the orc.
The orc is moderately wounded.
The orc hits you with an enchanted hand axe.
* * * LOW HITPOINT WARNING * * *
You feel extremely strange.
A poisonous barb forms on the end of your tail.
You feel frail.
Your feet thicken and deform.
The orc hits you with an enchanted hand axe.
You die...

# #.#####..>..##...# #######
#....).......#...#
......##########(....<......#...#
....#...........................#
###..##.......##............#...#
####..#.......##..........#.....#
..............###l..#######.).#..
#########.....###o### #.#.#.#
#############...@.## ###.#...#
...................######...#..##
.#############.)......)...)......
.## ##.##..####..###..## .)##
####.###..##..###..... #..#
#....# ##....## #.###. ##.#
#.#### ##....####.#### #.# #.#
###..##......##.. #.# #####g#
#...####.........


You could see an orc and a frilled lizard.

Vanquished Creatures
  Terence (D:2)
  Robin (D:2)
  3 adders (D:2)
  4 gnolls
  2 oozes
  A dart slug (D:2)
  5 leopard geckos
  An orc (D:3)
  4 giant cockroaches
  13 hobgoblins
  6 jackals (D:2)
  A quokka (D:2)
  A ball python (D:1)
  4 bats
  5 frilled lizards
  17 goblins
  4 kobolds
  5 rats
78 creatures vanquished.

Notes
Turn   | Place    | Note
-------+----------+-------------------------------------------
     0 | D:1      | Folque the Draconian Earth Elementalist began the quest for
                  | the Orb.
     0 | D:1      | Reached XP level 1. HP: 14/14 MP: 3/3
   433 | D:1      | Reached XP level 2. HP: 16/20 MP: 1/5
   605 | D:1      | Learned a level 2 spell: Passwall
  1161 | D:1      | Reached XP level 3. HP: 25/26 MP: 6/6
  1366 | D:1      | Learned a level 3 spell: Stone Arrow
  1853 | D:2      | Reached XP level 4. HP: 21/33 MP: 8/8
  1874 | D:2      | Reached skill level 1 in Conjurations
  2242 | D:2      | Noticed Robin
  2243 | D:2      | Noticed Terence
  2248 | D:2      | Reached XP level 5. HP: 38/38 MP: 10/10
  2346 | D:2      | Killed Terence
  2775 | D:2      | Killed Robin
  2948 | D:3      | Noticed a dagger
  2949 | D:3      | Noticed a hand axe
  2954 | D:3      | Found a hide-covered altar of Uskayaw.
  3140 | D:3      | Learned a level 5 spell: Lee's Rapid Deconstruction
  3179 | D:2      | HP: 1/38 [orc/enchanted hand axe (5)]
  3180 | D:2      | Gained mutation: Your tail ends in a poisonous barb.
                  | [potion of mutation]
  3180 | D:2      | Gained mutation: You are frail. (-10% HP) [potion of
                  | mutation]
  3180 | D:2      | Gained mutation: You have large cloven feet. [potion of
                  | mutation]
  3180 | D:2      | Slain by an orc

Skill      XL: |  1  2  3  4  5 |
---------------+----------------+-----
Earth Magic    | 4 |  4.1
Spellcasting   | 3 4 |  4.1
Conjurations   | 1 2 |  2.1
Dodging        | |  1.7
Stealth        | |  1.7
Transmutations | |  1.0

Action                   |  1- 3 |  4- 6 || total
-------------------------+-------+-------++-------
Melee: Unarmed           |    32 |       ||    32
       Spear             |    83 |   157 ||   240
       Tailslap          |     4 |    14 ||    18
 Cast: Sandblast         |    29 |    10 ||    39
       Stone Arrow       |       |    10 ||    10
       Passwall          |       |     1 ||     1
       Lee's Rapid Decon |       |     1 ||     1
  Use: Scroll            |       |     3 ||     3
       Potion            |       |     2 ||     2
 Stab: Sleeping          |     7 |       ||     7
  Eat: Chunk             |     3 |     6 ||     9
Armor: Skin              |    39 |    65 ||   104
Dodge: Dodged            |    70 |   104 ||   174
